AoeStats
← Long John Silver

Black Forest

506938012Analyzed
4v4 RM · 16d ago on Sep 15, 2026· 47m 2s· 8 players
Game mode
Random Map
Map size
Large (8 player)
Population
200
Speed
Normal
Resources
Standard
Victory
Conquest
Starting age
Dark Age
Ending age
Imperial Age
RankedLock teamsTeams togetherTeam positionsShared explorationLock speedFull tech treeHidden civsTurbo modeCheats
Victory
Defeat
🇩🇪 Cumans · Germany
1473
+15
🇩🇪 Saracens · Germany
1452
+15
🇮🇳 Koreans · India
1442
+16
🇩🇪 Armenians · Germany
1409
+17
🇬🇧 Bohemians · United Kingdom
1479
-17
🇺🇸 Wu · United States
1477
-17
🇩🇪 Saracens · Germany
1459
-17
🇧🇪 Magyars · Belgium
1338
-12
Blackmon
1:00 Loom
12:23 Feudal Age
12:23 Man-at-Arms
16:50 Double-Bit Axe
16:49 Horse Collar
24:07 Castle Age
25:47 Bow Saw
28:57 Imperial Age
28:06 Fletching
30:33 Bodkin Arrow
33:24 Bracer
37:50 Ballistics
39:35 Wheelbarrow
39:03 Heavy Plow
40:35 Chemistry
40:37 Elite Composite Bowman
41:38 Conscription
42:27 Padded Archer Armor
44:36 Hand Cart
44:13 Gold Mining
44:14 Stone Mining
44:36 Forging
44:42 Leather Archer Armor
47:49 Hoardings
47:38 Bombard Tower
47:28 Masonry
47:29 Fortified Wall
47:29 Careening
47:15 Murder Holes
47:10 Heated Shot
48:02 Gold Shaft Mining
48:01 Ring Archer Armor
TrapInRealLife
6:06 Loom
9:06 Feudal Age
18:48 Double-Bit Axe
19:54 Horse Collar
23:25 Wheelbarrow
25:51 Castle Age
24:42 Gold Mining
26:44 Bloodlines
27:53 Scale Barding Armor
28:17 Bow Saw
28:39 Heavy Plow
31:38 Forging
31:47 Light Cavalry
33:22 Hand Cart
34:22 Chain Barding Armor
35:30 Iron Casting
48:24 Imperial Age
XxBuzzXx
9:47 Loom
11:35 Feudal Age
16:00 Castle Age
14:10 Double-Bit Axe
14:50 Horse Collar
16:45 Fletching
21:42 Bodkin Arrow
36:02 Wheelbarrow
35:53 Ballistics
35:44 Masonry
35:15 Treadmill Crane
41:14 Imperial Age
40:29 Eupseong
41:59 Bracer
41:47 Arrowslits
43:03 Chemistry
42:57 Architecture
43:22 Stone Mining
43:21 Town Watch
43:52 Hand Cart
45:19 Murder Holes
47:03 Conscription
46:05 Elite War Wagon
Long John Silver
8:24 Feudal Age
9:04 Double-Bit Axe
15:04 Fletching
20:23 Castle Age
18:10 Loom
19:37 Wheelbarrow
20:28 Crossbowman
21:04 Bodkin Arrow
21:39 Bow Saw
21:15 Horse Collar
32:28 Imperial Age
30:09 Stone Mining
31:11 Caravan
31:19 Gold Mining
31:43 Heavy Plow
32:00 Scale Barding Armor
32:32 Bloodlines
32:22 Husbandry
33:38 Conscription
33:39 Chain Barding Armor
34:27 Elite Mameluke
35:36 Forging
35:45 Murder Holes
36:52 Chemistry
37:03 Counterweights
39:06 Plate Barding Armor
40:01 Two-Man Saw
39:51 Iron Casting
39:45 Siege Engineers
42:51 Hoardings
43:17 Blast Furnace
42:29 Masonry
42:39 Ballistics
42:02 Treadmill Crane
45:44 Bracer
Oh Bossom
11:14 Feudal Age
14:55 Castle Age
13:57 Double-Bit Axe
13:53 Horse Collar
16:49 Wheelbarrow
16:27 Bow Saw
16:17 Heavy Plow
18:16 Loom
24:16 Gold Mining
27:10 Imperial Age
25:53 Hand Cart
25:59 Scale Barding Armor
26:41 Bloodlines
27:02 Stone Mining
27:08 Gold Mining
27:08 Stone Mining
28:18 Chain Barding Armor
27:20 Heavy Camel Rider
29:53 Plate Barding Armor
31:17 Two-Man Saw
30:33 Forging
30:24 Husbandry
33:06 Iron Casting
31:54 Light Cavalry
34:55 Gold Shaft Mining
35:20 Town Watch
35:57 Ballistics
36:37 Chemistry
36:25 Ballistics
36:18 Masonry
35:42 Hussar
36:56 Elite Mameluke
41:04 Blast Furnace
39:54 Fletching
40:28 Ballistics
40:15 Siege Engineers
41:41 Treadmill Crane
42:36 Conscription
43:40 Bodkin Arrow
43:46 Padded Archer Armor
Catastrophic
0:41 Loom
10:46 Feudal Age
18:30 Castle Age
28:09 Horse Collar
32:22 Double-Bit Axe
35:39 Bow Saw
37:31 Wheelbarrow
39:40 Imperial Age
37:48 Wheelbarrow
37:34 Fletching
37:45 Padded Archer Armor
40:03 Chemistry
40:09 Hand Cart
Oblivion
6:48 Loom
11:47 Feudal Age
15:43 Castle Age
15:16 Scale Barding Armor
20:16 Bloodlines
22:57 Chain Barding Armor
31:40 Double-Bit Axe
31:41 Horse Collar
34:52 Imperial Age
32:40 Bow Saw
32:23 Gold Mining
33:01 Fletching
33:50 Heavy Plow
34:04 Padded Archer Armor
34:22 Bodkin Arrow
35:24 Heavy Cavalry Archer
36:43 Bracer
37:25 Thumb Ring
37:39 Padded Archer Armor
39:58 Ballistics
40:39 Chemistry
40:36 Leather Archer Armor
40:44 Light Cavalry
42:02 Plate Barding Armor
42:15 Recurve Bow
BigAl
0:55 Loom
11:47 Feudal Age
15:58 Double-Bit Axe
16:48 Fletching
22:06 Castle Age
23:53 Wheelbarrow
23:03 Town Watch
23:52 Crossbowman
24:36 Bodkin Arrow
24:48 Horse Collar
25:22 Bow Saw
37:37 Imperial Age
35:32 Hand Cart
35:00 Pikeman
35:40 Squires
35:25 Arson
39:57 Scale Mail Armor
40:07 Forging
42:58 Bracer
43:30 Chain Mail Armor
Connection lost

Rejoining the realm…

Still unreachable

The connection could not be restored.

Session expired

The server has moved on; the page needs a fresh start.